 Dungeon Crawl Stone Soup version 0.25-a0-356-g7c9d860b3b (webtiles) character file.

Game seed: 10361645525399762742, levelgen mode: deterministic

1743 Borgoz the Cudgeler (level 9, -2/55 HPs)
             Began as a Gargoyle Gladiator on Jan 4, 2020.
             Killed by divine providence
             ... invoked by an orc priest
              (11 damage)
             ... on level 6 of the Dungeon.
             The game lasted 00:06:53 (3788 turns).

Borgoz the Cudgeler (Gargoyle Gladiator)            Turns: 3788, Time: 00:06:54

Health: -2/55      AC: 16    Str: 20    XL:     9   Next: 5%
Magic:  18/18      EV: 12    Int:  9    God:
Gold:   239        SH:  0    Dex: 12    Spells: 8/8 levels left

rFire    + . .     SeeInvis .   t - +2 flail (crush)
rCold    + + .     Gourm    +   (no shield)
rNeg     + . .     Faith    .   l - +0 scale mail
rPois    ∞         Spirit   .   c - +0 helmet
rElec    +         Reflect  .   m - +0 cloak {rPois}
rCorr    .         Harm     .   (no gloves)
MR       .....     NoTele   +   (no boots)
Stlth    ..........             k - amulet of the gourmand
HPRegen  0.18/turn              a - ring of Toludofar {-Tele rC++ MP+9}
MPRegen  0.16/turn              s - ring of the Albatross {+Fly rElec rPois rF+ Slay+3}

@: no status effects
A: negative energy resistance 1, electricity resistance, unbreathing,
petrification resistance, rot immunity, AC +6
a: Evoke Flight


You were on level 6 of the Dungeon.
You were very full.

You visited 1 branch of the dungeon, and saw 6 of its levels.

You collected 239 gold pieces.

Inventory:

Hand Weapons
 t - a +2 flail of crushing (weapon)
Missiles
 d - a throwing net (quivered)
Armour
 c - a +0 helmet (worn)
 l - a +0 scale mail (worn)
 m - a +0 cloak of poison resistance (worn)
Jewellery
 a - the ring of Toludofar (left hand) {-Tele rC++ MP+9}
   (You found it on level 4 of the Dungeon)

   [ring of magical power]

   It greatly protects you from cold.
   It affects your magic capacity (+9).
   It prevents most forms of teleportation.
 k - an amulet of the gourmand (around neck)
 s - the ring of the Albatross (right hand) {+Fly rElec rPois rF+ Slay+3}
   (You found it on level 4 of the Dungeon)

   [ring of flight]

   It affects your accuracy and damage with ranged weapons and melee attacks
   (+3).
   It protects you from fire.
   It insulates you from electricity.
   It protects you from poison.
   It lets you fly.
 x - an uncursed ring of poison resistance {unknown}
Wands
 b - a wand of disintegration (18)
 h - a wand of digging (3)
Scrolls
 e - 2 scrolls of remove curse
 i - a scroll of enchant armour
 n - 3 scrolls of teleportation
 u - a scroll of fog
Potions
 v - a potion of cancellation {unknown}
Comestibles
 f - 10 rations
 g - 4 chunks of flesh


   Skills:
 + Level 5.9 Fighting
 * Level 7.8 Maces & Flails
 - Level 1.7 Throwing
 + Level 5.3 Armour
 + Level 4.8 Dodging


You had 8 spell levels left.
You didn't know any spells.
Your spell library was empty.

Dungeon Overview and Level Annotations

Branches:
Dungeon (6/15)             Temple (0/1) D:5

Altars:
Cheibriados
Dithmenos
Nemelex Xobeh
Uskayaw
Xom
Yredelemnul
The Shining One

Shops:
D:6 :


Innate Abilities, Weirdness & Mutations

You are resistant to torment.
Your stone body is resilient. (AC +6)
You are immune to poison.
You resist negative energy. (rN+)
You are resistant to electric shocks. (rElec)
You can survive without breathing.
You are immune to petrification.
You are immune to rotting.


Message History

You hear the brisk rusting of a distant drain.
Found a ring mail.
n - 3 scrolls of teleportation (gained 1)
An orc wizard comes into view. It is wielding a +0 dagger.
The orc wizard shouts!
You hear a shout!
An orc priest comes into view. It is wielding a +0 war axe.
An orc wizard comes into view. It is wielding a +0 dagger.
You see here a ring mail.
An orc priest comes into view.
The orc priest shouts!
The orc priest mumbles some strange prayers to Beogh against you.
Beogh smites you!
The orc priest calls down the wrath of Beogh upon you.
Beogh smites you!
* * * LOW HITPOINT WARNING * * *
An orc comes into view.
You barely miss the orc wizard.
The orc priest mumbles some strange prayers to Beogh against you.
Beogh smites you!
You die...

.#.##########
.oooo.o@.[..#
..#########.#
#.# #.# #.#
#.# #.# #.##
#.)#


You could see 2 orc priests, 2 orc wizards and an orc.

Vanquished Creatures
  Pikel (D:4)
  Grinder (D:3)
  Eustachio (D:6)
  A sky beast (D:6)
  An ogre (D:6)
  A centaur (D:6)
  Blork the orc (D:4)
  A wyvern skeleton (D:6)
  A crimson imp (D:6)
  A hound (D:5)
  2 orc priests (D:6)
  A jelly (D:6)
  Crazy Yiuf (D:3)
  A centaur skeleton (D:5)
  An orc wizard (D:2)
  Jessica (D:2)
  Terence (D:2)
  2 iguanas (D:5)
  2 worker ants (D:4)
  7 adders
  A shadow imp (D:5)
  An ooze (D:1)
  An adder skeleton (D:4)
  2 worms (D:2)
  2 dart slugs (D:1)
  5 leopard geckos
  8 orcs
  4 ball pythons
  9 bats
  5 giant cockroaches
  12 goblins
  7 hobgoblins
  13 jackals
  12 kobolds
  3 quokkas
  9 frilled lizards
  2 rats (D:3)
125 creatures vanquished.

Vanquished Creatures (others)
  A jackal (D:4)
1 creature vanquished.

Grand Total: 126 creatures vanquished

Notes
Turn   | Place    | Note
-------+----------+-------------------------------------------
     0 | D:1      | Borgoz the Gargoyle Gladiator began the quest for the Orb.
     0 | D:1      | Reached XP level 1. HP: 12/12 MP: 1/1
   232 | D:1      | Reached XP level 2. HP: 18/18 MP: 2/2
   471 | D:1      | Reached skill level 1 in Armour
   479 | D:1      | Reached XP level 3. HP: 21/22 MP: 3/3
   878 | D:2      | Noticed Terence
   888 | D:2      | Killed Terence
   888 | D:2      | Reached XP level 4. HP: 22/27 MP: 4/4
  1316 | D:2      | Noticed Jessica
  1331 | D:2      | Killed Jessica
  1331 | D:2      | Reached skill level 4 in Maces & Flails
  1444 | D:2      | Reached XP level 5. HP: 32/32 MP: 5/5
  1766 | D:3      | Noticed Grinder
  1806 | D:3      | Killed Grinder
  1806 | D:3      | Reached skill level 5 in Maces & Flails
  1806 | D:3      | Reached XP level 6. HP: 19/38 MP: 6/6
  2084 | D:3      | Found a snail-covered altar of Cheibriados.
  2126 | D:3      | Found a runed translucent door.
  2127 | D:3      | Noticed Crazy Yiuf
  2461 | D:3      | Found a sparkling altar of Nemelex Xobeh.
  2465 | D:3      | Found a glowing golden altar of the Shining One.
  2470 | D:3      | Found a basalt altar of Yredelemnul.
  2565 | D:3      | Killed Crazy Yiuf
  2565 | D:3      | Reached XP level 7. HP: 43/43 MP: 7/7
  2681 | D:4      | Found a hide-covered altar of Uskayaw.
  2729 | D:4      | Noticed Pikel
  2761 | D:4      | Killed Pikel
  2761 | D:4      | Reached skill level 6 in Maces & Flails
  2761 | D:4      | Reached XP level 8. HP: 36/48 MP: 8/8
  2796 | D:4      | Noticed Blork the orc
  2809 | D:4      | Killed Blork the orc
  2809 | D:4      | Reached skill level 5 in Fighting
  2874 | D:4      | Got a brightly glowing granite ring
  2875 | D:4      | Identified the ring of Toludofar {-Tele rC++ MP+9} (You
                  | found it on level 4 of the Dungeon)
  2911 | D:4      | Found a shadowy altar of Dithmenos.
  2912 | D:4      | Got a warped iron ring
  3092 | D:5      | Entered Level 5 of the Dungeon
  3302 | D:5      | Found a shimmering altar of Xom.
  3440 | D:5      | Found a staircase to the Ecumenical Temple.
  3525 | D:6      | Reached skill level 7 in Maces & Flails
  3549 | D:6      | Identified the ring of the Albatross {+Fly rElec rPois rF+
                  | Slay+3} (You found it on level 4 of the Dungeon)
  3603 | D:6      | Found Xiseines's Book Emporium.
  3653 | D:6      | Noticed Eustachio
  3662 | D:6      | Killed Eustachio
  3697 | D:6      | Reached skill level 5 in Armour
  3710 | D:6      | Reached XP level 9. HP: 7/55 MP: 9/9
  3788 | D:6      | Killed from afar by an orc priest

Levels and vault maps discovered:
D:1:      giann_wishing_wells, layout_loops_corners, minmay_hexomino_u4
D:2:      layout_loops_ring, uniq_terence, uniq_jessica
D:3:      layout_loops_ring, minmay_overflow_temple_star_quad, first_ration,
          cheibriados_altar_1, uniq_grinder, uniq_crazy_yiuf_cottage
D:4:      layout_rooms, lemuel_coloured_pillars_altar,
          eat_drink_and_be_merry_uskayaw, uniq_pikel, uniq_blork_the_orc
D:5:      layout_basic, fedhas_altar_4, zin_treasury,
          nicolae_overflow_crystal_walls, minmay_temple_entry_stoned_glass
D:6:      layout_loops_ring, gup_sewer_entry_bowl, serial_shops,
          nicolae_shop_trees, uniq_sigmund, uniq_duvessa, uniq_eustachio

Skill      XL: |  1  2  3  4  5  6  7  8 |
---------------+-------------------------+-----
Armour         | 1 2 3 4 5 |  5.3
Fighting       | 3 4 5 |  5.9
Maces & Flails | 4 5 6 7 |  7.8
Dodging        | 3 4 |  4.8
Throwing       | |  1.7

Action                   |  1- 3 |  4- 6 |  7- 9 || total
-------------------------+-------+-------+-------++-------
Melee: Flail             |   113 |   245 |   144 ||   502
       Whip              |       |       |    20 ||    20
Throw: Throwing net      |       |       |     2 ||     2
  Use: Potion            |       |     4 |     1 ||     5
       Scroll            |       |     1 |     8 ||     9
 Stab: Sleeping          |     1 |       |       ||     1
       Held in net/web   |       |       |     1 ||     1
  Eat: Chunk             |     2 |    14 |     3 ||    19
Armor: Leather armour    |    64 |       |       ||    64
       Scale mail        |    24 |   157 |    89 ||   270
Dodge: Dodged            |   126 |   173 |    70 ||   369

Table legend:
 A = Non-vault XP
 B = Vault XP
 C = Vault XP percentage of total XP
 D = Non-vault monster count
 E = Vault monster count
 F = Vault count percentage of total count
                 A         B        C        D         E       F
            +---------+---------+-------+---------+---------+-------
      Total |    1177 |    1313 |  52.7 |     113 |      12 |   9.6
            +---------+---------+-------+---------+---------+-------
        D:1 |      44 |       8 |  15.4 |      20 |       5 |  20.0
        D:2 |      92 |      73 |  44.2 |      26 |       2 |   7.1
        D:3 |     100 |     307 |  75.4 |      28 |       2 |   6.7
        D:4 |     119 |     728 |  86.0 |      14 |       2 |  12.5
        D:5 |     174 |       0 |   0.0 |       7 |       0 |   0.0
        D:6 |     648 |     197 |  23.3 |      18 |       1 |   5.3
            +---------+---------+-------+---------+---------+-------
